Map: Simulacrum LE

Players

llllllllllll (Trap) - Winner!

  • Race: Protoss Protoss
  • League: Master
  • Spawn Location: 5:00

soO

  • Race: Zerg Zerg
  • Spawn Location: 11:00

VOD

Have the link to the VOD?

Description

Time

  • Played on: Jan. 16, 2020, 8:23 a.m.
  • Length: 12:10
Show
View Real Time Build Order
Export as new Build Order

llllllllllll Protoss - Winner!

Build Orders: 1 Gate Expand, Mass Adepts 

Get SALT Encoding   

  12  0:00  Probe  
  13  0:12  Probe  
  14  0:19  Pylon  
  14  0:24  Probe  
  15  0:37  Probe (Chrono Boost)  
  16  0:44  Gateway  
  16  0:46  Probe (Chrono Boost)  
  16  0:47  Assimilator  
  17  0:51  Probe (Chrono Boost)  
  18  1:03  Probe  
  19  1:15  Probe  
  20  1:23  Nexus  
  20  1:34  Cybernetics Core  
  20  1:37  Probe  
  21  1:43  Assimilator  
  21  1:49  Probe  
  21  1:52  Pylon  
  22  2:01  Probe  
  23  2:08  Adept (Chrono Boost)  
  23  2:11  Warp Gate  
  23  2:13  Probe  
  26  2:20  Twilight Council  
  26  2:25  Probe (Chrono Boost)  
  27  2:30  Stalker  
  27  2:35  Probe (Chrono Boost)  
  30  2:37  Probe (Chrono Boost)  
  32  2:45  Probe (Chrono Boost)  
  32  2:46  Probe (Chrono Boost)  
  33  2:51  Robotics Facility  
  33  2:54  Probe  
  33  2:56  Probe  
  35  3:08  Gateway  
  35  3:14  Probe x2, Gateway  
  35  3:18  Resonating Glaives (Chrono Boost)  
  37  3:33  Gateway  
  37  3:36  Gateway  
  37  3:38  Warp Prism (Chrono Boost)  
  37  3:46  Probe x2  
  41  3:49  Pylon  
  41  3:58  Probe  
  41  4:00  Pylon  
  42  4:03  Adept x2  
  42  4:08  Adept  
  48  4:15  Assimilator  
  48  4:16  Probe x2  
  50  4:28  Pylon  
  50  4:32  Adept x2  
  50  4:33  Adept x3  
  50  4:36  Observer  
  61  4:40  Dark Shrine  
  61  4:53  Pylon  
  61  4:54  Adept x3  
  61  4:57  Adept  
  63  5:16  Adept x4  
  63  5:17  Adept  
  69  5:26  Probe x2  
  69  5:27  Pylon  
  71  5:45  Assimilator  
  71  5:47  Adept x3  
  71  5:48  Adept x2  
  81  5:50  Pylon  
  81  5:51  Probe x2  
  77  6:20  Dark Templar x2  
  77  6:21  Dark Templar  
  83  6:29  Immortal  
  83  6:33  Probe x2  
  83  6:36  Nexus  
  83  6:39  Pylon  
  85  6:45  Pylon  
  85  6:47  Probe x2  
  85  7:03  Probe (Chrono Boost)  
  85  7:04  Probe (Chrono Boost)  
  85  7:05  Immortal (Chrono Boost)  
  89  7:10  Shield Battery x2  
  89  7:13  Probe x2 (Chrono Boost)  
  91  7:15  Sentry  
  91  7:16  Sentry x3  
  91  7:18  Probe (Chrono Boost), Stalker  
  91  7:20  Probe  
  103  7:28  Blink  
  103  7:30  Pylon  
  103  7:34  Pylon  
  103  7:36  Probe  
  103  7:37  Probe  
  104  7:45  Immortal (Chrono Boost)  
  104  7:51  Forge  
  108  7:58  Pylon  
  108  7:59  Pylon  
  108  8:06  Probe x2  
  108  8:08  Probe  
  111  8:17  Immortal  
  115  8:23  Stalker  
  115  8:24  Stalker x3  
  120  8:28  Probe x3  
  120  8:34  Protoss Ground Weapons Level 1 (Chrono Boost)  
  123  8:38  Photon Cannon, Assimilator x2  
  123  8:41  Photon Cannon  
  123  8:46  Photon Cannon  
  122  8:55  Stargate  
  122  8:56  Stargate  
  122  8:59  Observer (Chrono Boost)  
  123  9:04  Stalker x2  
  123  9:08  Stalker  
  129  9:13  Probe  
  129  9:14  Probe x2, Photon Cannon  
  132  9:21  Stalker x2  
  136  9:28  Archon  
  136  9:29  Charge  
  136  9:36  Gateway x2  
  126  9:52  Stalker  
  126  9:53  Stalker x4  
  126  9:55  Phoenix x2 (Chrono Boost)  
  140  10:05  Pylon  
  140  10:06  Pylon  
  140  10:09  Pylon  
  140  10:11  Phoenix x2 (Chrono Boost)  
  143  10:29  Stalker x3  
  143  10:30  Stalker x2  
  153  10:41  Stalker x2  
  151  10:46  Templar Archives  
  151  10:56  Dark Templar x2  
  155  10:57  Zealot x3  
  155  11:01  Archon  
  131  11:17  Stalker x5  
  115  11:30  Dark Templar x2  
  117  11:39  Dark Templar, Zealot  
  121  11:40  Zealot x2  
  121  11:41  Dark Templar  
  119  12:03  Stalker x5  
Show
View Real Time Build Order
Export as new Build Order

soO Zerg 

Build Orders: Hatch First 

Get SALT Encoding   

  12  0:00  Drone  
  13  0:12  Overlord  
  13  0:17  Drone  
  14  0:30  Drone x2  
  16  0:48  Hatchery  
  15  0:51  Drone  
  15  0:55  Drone  
  17  0:58  Drone  
  18  1:09  Extractor  
  17  1:14  Spawning Pool  
  17  1:17  Drone  
  17  1:20  Drone  
  18  1:27  Drone  
  19  1:38  Drone  
  20  1:51  Overlord  
  20  2:00  Queen x2  
  24  2:02  Zergling x4  
  26  2:10  Drone  
  26  2:11  Drone  
  26  2:12  Metabolic Boost  
  28  2:23  Drone x2  
  30  2:37  Hatchery  
  30  2:41  Queen  
  31  2:45  Drone  
  31  2:50  Overlord  
  32  2:52  Drone  
  32  2:55  Drone  
  32  2:56  Drone  
  35  2:58  Drone  
  36  3:07  Overlord  
  36  3:08  Drone  
  36  3:10  Drone x2  
  40  3:12  Drone  
  40  3:16  Drone  
  41  3:20  Overlord  
  41  3:32  Drone x2  
  42  3:35  Lair  
  42  3:38  Queen  
  44  3:42  Zergling x4  
  44  3:46  Roach Warren  
  44  3:47  Extractor, Drone  
  45  3:48  Extractor, Drone  
  45  3:51  Drone  
  45  3:53  Drone  
  48  3:55  Drone  
  48  3:56  Drone  
  48  4:01  Drone  
  48  4:02  Drone  
  51  4:08  Drone  
  51  4:09  Overlord  
  52  4:14  Overlord  
  52  4:18  Zergling x4, Overlord  
  52  4:23  Overlord  
  54  4:26  Roach  
  54  4:27  Overlord  
  54  4:28  Roach  
  54  4:30  Roach  
  60  4:33  Roach  
  60  4:36  Roach  
  64  4:43  Zergling x4  
  66  4:49  Ravager  
  66  4:51  Ravager  
  68  4:53  Ravager  
  68  4:54  Zergling x16  
  68  4:59  Ravager  
  78  5:02  Zergling x2  
  78  5:03  Zergling x6  
  78  5:05  Zergling x4  
  78  5:06  Zergling x2  
  81  5:10  Zergling x2  
  70  5:21  Zergling x4  
  70  5:23  Ravager  
  70  5:25  Zergling x8  
  77  5:35  Zergling x6  
  79  5:36  Overseer  
  79  5:46  Glial Reconstitution, Drone x2  
  79  5:47  Drone  
  79  5:49  Drone x2  
  84  5:55  Drone  
  85  6:00  Drone x2  
  86  6:05  Zergling x2  
  80  6:15  Zergling x2  
  80  6:16  Zergling x4  
  74  6:23  Roach x2  
  74  6:26  Roach  
  74  6:30  Roach x3  
  76  6:37  Hatchery, Roach x2  
  79  6:41  Overseer  
  79  6:44  Roach x2  
  82  7:01  Drone  
  82  7:02  Drone  
  82  7:04  Queen  
  82  7:05  Queen  
  88  7:14  Spire  
  87  7:16  Drone x2  
  89  7:27  Drone x3  
  92  7:30  Extractor  
  92  7:34  Drone  
  91  7:45  Drone  
  91  7:46  Drone  
  92  7:54  Drone x4  
  92  7:55  Drone  
  97  8:04  Overlord  
  94  8:05  Overlord  
  94  8:07  Overlord  
  94  8:17  Drone x4  
  94  8:18  Overlord  
  98  8:24  Drone x2  
  98  8:25  Drone  
  98  8:34  Mutalisk x7  
  105  8:42  Roach  
  105  8:43  Roach  
  105  8:48  Roach x3  
  114  8:58  Drone x3  
  117  9:05  Drone  
  117  9:09  Drone x2  
  120  9:15  Drone  
  121  9:20  Drone x3, Evolution Chamber, Baneling Nest  
  121  9:21  Drone x3  
  121  9:22  Drone  
  126  9:30  Drone  
  126  9:31  Extractor, Drone  
  127  9:41  Drone  
  127  9:43  Zergling x6  
  127  9:45  Overlord  
  130  9:47  Zerg Melee Weapons Level 1  
  130  9:52  Drone x2  
  128  9:53  Drone x2  
  128  9:54  Hatchery, Overlord  
  128  9:59  Overlord  
  129  10:04  Centrifical Hooks  
  129  10:10  Zergling x16  
  135  10:29  Baneling x11  
  135  10:30  Ravager  
  135  10:31  Zergling x2  
  135  10:32  Zergling x14  
  135  10:35  Zergling x2  
  145  10:41  Zergling x4  
  143  10:44  Baneling  
  143  10:46  Zergling x2, Baneling  
  143  10:47  Zergling x18  
  147  10:58  Zergling x6  
  148  11:08  Zergling x2  
  148  11:09  Zergling x6  
  128  11:12  Zergling x8  
  128  11:13  Zergling x4  
  128  11:15  Zergling x4  
  114  11:20  Zergling x4, Roach x2  
  114  11:21  Zergling x2  
  103  11:31  Roach x3  
  106  11:36  Roach x2  
  104  11:41  Ravager x5  
  104  11:44  Zergling x4, Roach x3  
  109  11:47  Zergling x6  
  109  11:51  Zergling x4  
Tags
 
Add a new tag
Caveats
  • Supply blocks, unpowered buildings, or Contaminate may cause inaccurate times.
  • Supply counts are checked every 10 seconds.